Montreal Canadiens vs Boston Bruins

Created - Tuesday, September 30, 2025 at 08:08

Goals
1 2 3 T
Montreal Canadiens 1 1 2 4
Boston Bruins 0 1 1 2
Shots
1 2 3 T
Montreal Canadiens 20 7 12 39
Boston Bruins 8 9 6 23

1st period

1. Montreal Canadiens , Jackson Blake 2 (Patrik Laine 16, Martin Necas 31) at 2:25

Penalties :
No Penalty

2nd period

2. Montreal Canadiens , Macklin Celebrini 23 (Martin Necas 32) at 0:10
3. Boston Bruins , Jaden Schwartz 21 (Alex Laferriere 35, Jake Neighbours 23) at 16:59 (PP)

Penalties :
Brad Marchand (MTL) for Tripping (Minor) at 16:22

3rd period

4. Montreal Canadiens , Martin Necas 26 (Macklin Celebrini 31) at 13:57 (PP)
5. Boston Bruins , Alex Laferriere 24 (Samuel Girard 13, Jaden Schwartz 34) at 17:29
6. Montreal Canadiens , Jake Evans 11 (Ryan Poehling 7) at 19:38 (Empty Net)

Penalties :
Drew O'Connor (MTL) for High sticking (Minor) at 1:35, Jaden Schwartz (BOS) for Slashing (Minor) at 6:23, Drew O'Connor (MTL) for Tripping (Minor) at 10:28, Jake Neighbours (BOS) for Holding (Minor) at 13:56

Goalie Stats

Stuart Skinner (MTL), 21 saves from 23 shots - (0.913), W, 17-12-3, 60:00 minutes
Petr Mrazek (BOS), 35 saves from 38 shots - (0.921), L, 9-16-3, 59:13 minutes

Players Stats for Montreal Canadiens

Player Name              G  A  P  +/- PIM S  H  SB GA TA FO     MP     PP MP  PK MP  
------------------------------------------------------------------------------------
Adam Fox                 0  0  0   0  0   2  1  0  0  0  0/0    18:55   0:54   2:36 
Brad Marchand            0  0  0   0  2   2  1  0  0  1  0/0    15:42   0:47   0:03 
Brady Skjei              0  0  0   1  0   1  2  0  0  1  1/1    21:19   0:35   2:36 
Damon Severson           0  0  0   1  0   1  0  1  0  2  0/0    20:18   1:16   0:00 
Drew O'Connor            0  0  0   0  4   4  1  0  1  0  1/1    15:57   0:00   0:16 
Dylan Larkin             0  0  0   0  0   5  0  0  1  0  8/9    15:43   0:47   0:00 
Evgeni Dadonov           0  0  0   1  0   1  2  0  0  0  0/0    11:22   0:17   1:04 
Ilya Lyubushkin          0  0  0   0  0   0  0  0  0  0  0/0    17:38   0:00   1:59 
Jackson Blake            1  0  1   1  0   2  1  0  0  1  3/4     9:43   0:00   0:00 
Jake Evans               1  0  1   1  0   6  0  0  1  0  1/3    17:31   0:00   2:11 
Jeff Petry               0  0  0   1  0   1  0  3  0  1  0/0    19:30   0:31   0:00 
Juraj Slafkovsky         0  0  0  -1  0   5  3  1  1  0  0/0    15:31   1:01   0:00 
Lane Hutson              0  0  0   1  0   0  0  2  0  1  0/0    20:39   0:44   1:59 
Macklin Celebrini        1  1  2   1  0   3  0  0  0  0  11/13  14:59   0:59   0:00 
Martin Necas             1  2  3   1  0   4  2  0  1  1  0/0    15:57   0:59   1:15 
Patrik Laine             0  1  1   1  0   1  2  0  0  0  0/0    10:44   1:01   0:00 
Ryan Poehling            0  1  1   2  0   0  1  0  0  0  3/5    16:55   0:09   2:11 
Teddy Blueger            0  0  0  -1  0   1  0  0  0  0  10/17  16:59   0:00   2:10 

Players Stats for Boston Bruins

Player Name              G  A  P  +/- PIM S  H  SB GA TA FO     MP     PP MP  PK MP  
------------------------------------------------------------------------------------
Adam Wilsby              0  0  0  -1  0   0  0  0  0  0  0/0    15:26   0:00   0:00 
Alex Laferriere          1  1  2  -1  0   3  0  0  3  0  0/2    19:40   2:20   0:53 
Beck Malenstyn           0  0  0  -1  0   0  3  0  1  0  0/0     9:18   0:00   0:00 
Jaden Schwartz           1  1  2  -2  2   3  2  0  1  1  6/22   23:02   2:20   0:00 
Jake Neighbours          0  1  1  -1  2   0  1  1  1  0  0/2    19:35   2:20   1:02 
Joel Farabee             0  0  0   0  0   3  0  0  1  0  0/1    14:01   0:00   0:05 
John Marino              0  0  0   0  0   2  0  0  0  0  0/0    19:31   2:11   1:03 
Mark Kastelic            0  0  0   0  0   1  1  1  1  0  4/10   13:33   0:00   0:10 
Maxim Tsyplakov          0  0  0   0  0   3  1  0  0  0  0/0    16:26   2:15   0:00 
Rasmus Sandin            0  0  0   0  0   0  0  2  0  0  0/0    19:28   2:11   1:03 
Ryan Strome              0  0  0   0  0   4  1  1  0  1  5/12   17:04   2:15   1:01 
Sam Colangelo            0  0  0   0  0   0  1  0  0  0  0/2     6:07   0:00   0:00 
Samuel Girard            0  1  1  -1  0   1  1  2  0  1  0/0    24:35   2:24   0:57 
Taylor Raddysh           0  0  0  -1  0   0  1  0  0  0  0/1     9:26   0:00   0:00 
Ty Emberson              0  0  0  -1  0   0  0  2  0  1  0/0    24:38   2:24   0:57 
Urho Vaakanainen         0  0  0  -1  0   0  0  1  0  1  0/0    15:05   0:00   0:00 
Viktor Arvidsson         0  0  0   0  0   2  3  0  0  0  0/1    14:43   0:00   0:49 
Vladimir Tarasenko       0  0  0   0  0   1  1  0  0  0  0/0    16:20   2:15   0:00 

3 Stars

1 - Martin Necas (MTL)
2 - Macklin Celebrini (MTL)
3 - Jackson Blake (MTL)

Power Play

Montreal Canadiens - 1 on 2 Attempt(s) - 50.00%
Boston Bruins - 1 on 3 Attempt(s) - 33.33%

Penalty Kill

Montreal Canadiens - 2 on 3 Attempt(s) - 66.67% - Score 0 goal in Penalty Kill
Boston Bruins - 1 on 2 Attempt(s) - 50.00% - Score 0 goal in Penalty Kill

Team Stat

Montreal Canadiens - Hits : 16 - Faceoff Wins : 38 - Blocked Shots : 7 - Penalty Minutes : 6
Boston Bruins - Hits : 16 - Faceoff Wins : 15 - Blocked Shots : 10 - Penalty Minutes : 4

Official

Referees : Eric Furlatt and Ghislain Hebert
Linesman : Mark Shewchyk and Devin Berg

Game Notes

Jake Evans has scored in a empty net!

Finance

Level 1 -- Attendance: 4388 (73.13%) -- Ticket Income $438,800
Level 2 -- Attendance: 3443 (68.86%) -- Ticket Income $206,580
Level 3 -- Attendance: 2349 (78.30%) -- Ticket Income $82,215
Level 4 -- Attendance: 3347 (66.94%) -- Ticket Income $83,675
Luxury Box -- Attendance: 806 (80.60%) -- Ticket Income $161,200
Game was played at the TD Garden.
Total Attendance: 14333 (71.67%)
Total Ticket Income: $972,470
Other Income: $340,364
Total Income: $1,312,834

Montreal Canadiens

5 vs 5 Forward 
   Center                   Left Wing                Right Wing               Time % Phy DF OF 
 1 Dylan Larkin             Brad Marchand            Jake Evans               30     1   2  2  
 2 Macklin Celebrini        Ryan Poehling            Martin Necas             30     1   2  2  
 3 Teddy Blueger            Juraj Slafkovsky         Drew O'Connor            30     1   2  2  
 4 Jackson Blake            Evgeni Dadonov           Patrik Laine             10     1   2  2  

5 vs 5 Defense 
   Defense                  Defense                                           Time % Phy DF OF 
 1 Brady Skjei              Lane Hutson                                       35     1   3  1  
 2 Jeff Petry               Damon Severson                                    35     1   3  1  
 3 Adam Fox                 Ilya Lyubushkin                                   30     1   3  1  
 4 Brady Skjei              Lane Hutson                                       0      0   5  0  

PowerPlay Forward 
   Center                   Left Wing                Right Wing               Time % Phy DF OF 
 1 Macklin Celebrini        Brad Marchand            Martin Necas             50     1   1  3  
 2 Dylan Larkin             Juraj Slafkovsky         Patrik Laine             50     1   1  3  

PowerPlay Defense
   Defense                  Defense                                           Time % Phy DF OF 
 1 Lane Hutson              Adam Fox                                          50     1   1  3  
 2 Brady Skjei              Damon Severson                                    50     1   1  3  

Penalty Kill 4 Players Forward 
   Center                   Wing                     Time % Phy DF OF 
 1 Ryan Poehling            Jake Evans               50     1   3  1  
 2 Teddy Blueger            Drew O'Connor            50     1   3  1  

Penalty Kill 4 Players Defense
   Defense                  Defense                  Time % Phy DF OF 
 1 Adam Fox                 Brady Skjei              50     1   3  1  
 2 Lane Hutson              Ilya Lyubushkin          50     1   3  1  

Penalty Kill - 3 Players Forward 
   Forward                                           Time % Phy DF OF 
 1 Ryan Poehling                                     50     1   4  0  
 2 Jake Evans                                        50     1   4  0  

Penalty Kill - 3 Players Defense
   Defense                  Defense                  Time % Phy DF OF 
 1 Adam Fox                 Brady Skjei              50     1   4  0  
 2 Lane Hutson              Ilya Lyubushkin          50     1   4  0  

4 vs 4 Forward 
   Center                   Wing                     Time % Phy DF OF 
 1 Teddy Blueger            Drew O'Connor            50     1   2  2  
 2 Ryan Poehling            Evgeni Dadonov           50     1   2  2  

4 vs 4 Defense
   Defense                  Defense                  Time % Phy DF OF 
 1 Brady Skjei              Adam Fox                 50     1   2  2  
 2 Lane Hutson              Damon Severson           50     1   2  2  

Last Minutes Offensive
   Center                   Left Wing                Right Wing               Defense                  Defense                  
   Macklin Celebrini        Brad Marchand            Martin Necas             Lane Hutson              Adam Fox                 

Last Minutes Defensive
   Center                   Left Wing                Right Wing               Defense                  Defense                  
   Jake Evans               Ryan Poehling            Drew O'Connor            Brady Skjei              Adam Fox                 

Goaltenders
Starting : Stuart Skinner           
Backup : Pyotr Kochetkov          

Extra Forwards
Normal : Brad Marchand, Dylan Larkin, Macklin Celebrini - PP : Dylan Larkin, Macklin Celebrini - PK : Martin Necas
Extra Defensemen
Normal : Lane Hutson, Brady Skjei, Adam Fox - PP : Lane Hutson - PK : Brady Skjei, Adam Fox
Penalty Shots
Patrik Laine, Teddy Blueger, Ryan Poehling, Dylan Larkin, Adam Fox

Scratches
Ian Mitchell (Healthy), David Rittich (Healthy)

Boston Bruins

5 vs 5 Forward 
   Center                   Left Wing                Right Wing               Time % Phy DF OF 
 1 Jaden Schwartz           Jake Neighbours          Alex Laferriere          30     1   2  2  
 2 Ryan Strome              Vladimir Tarasenko       Maxim Tsyplakov          30     1   2  2  
 3 Mark Kastelic            Joel Farabee             Viktor Arvidsson         25     1   2  2  
 4 Jaden Schwartz           Beck Malenstyn           Taylor Raddysh           15     1   2  2  

5 vs 5 Defense 
   Defense                  Defense                                           Time % Phy DF OF 
 1 Samuel Girard            Ty Emberson                                       30     1   2  2  
 2 Rasmus Sandin            John Marino                                       30     1   2  2  
 3 Urho Vaakanainen         Adam Wilsby                                       25     1   2  2  
 4 Samuel Girard            Ty Emberson                                       15     1   2  2  

PowerPlay Forward 
   Center                   Left Wing                Right Wing               Time % Phy DF OF 
 1 Jaden Schwartz           Jake Neighbours          Alex Laferriere          50     1   2  2  
 2 Ryan Strome              Vladimir Tarasenko       Maxim Tsyplakov          50     1   2  2  

PowerPlay Defense
   Defense                  Defense                                           Time % Phy DF OF 
 1 Samuel Girard            Ty Emberson                                       50     1   2  2  
 2 Rasmus Sandin            John Marino                                       50     1   2  2  

Penalty Kill 4 Players Forward 
   Center                   Wing                     Time % Phy DF OF 
 1 Jaden Schwartz           Jake Neighbours          50     1   2  2  
 2 Alex Laferriere          Ryan Strome              50     1   2  2  

Penalty Kill 4 Players Defense
   Defense                  Defense                  Time % Phy DF OF 
 1 Samuel Girard            Ty Emberson              50     1   2  2  
 2 Rasmus Sandin            John Marino              50     1   2  2  

Penalty Kill - 3 Players Forward 
   Forward                                           Time % Phy DF OF 
 1 Jaden Schwartz                                    50     1   2  2  
 2 Jake Neighbours                                   50     1   2  2  

Penalty Kill - 3 Players Defense
   Defense                  Defense                  Time % Phy DF OF 
 1 Samuel Girard            Ty Emberson              50     1   2  2  
 2 Rasmus Sandin            John Marino              50     1   2  2  

4 vs 4 Forward 
   Center                   Wing                     Time % Phy DF OF 
 1 Jaden Schwartz           Jake Neighbours          50     1   2  2  
 2 Alex Laferriere          Ryan Strome              50     1   2  2  

4 vs 4 Defense
   Defense                  Defense                  Time % Phy DF OF 
 1 Samuel Girard            Ty Emberson              50     1   2  2  
 2 Rasmus Sandin            John Marino              50     1   2  2  

Last Minutes Offensive
   Center                   Left Wing                Right Wing               Defense                  Defense                  
   Jaden Schwartz           Jake Neighbours          Alex Laferriere          Samuel Girard            Ty Emberson              

Last Minutes Defensive
   Center                   Left Wing                Right Wing               Defense                  Defense                  
   Jaden Schwartz           Jake Neighbours          Alex Laferriere          Samuel Girard            Ty Emberson              

Goaltenders
Starting : Petr Mrazek              
Backup : Leevi Merilainen         

Extra Forwards
Normal : Sam Colangelo, Joel Farabee, Viktor Arvidsson - PP : Sam Colangelo, Joel Farabee - PK : Viktor Arvidsson
Extra Defensemen
Normal : Urho Vaakanainen, Adam Wilsby, Rasmus Sandin - PP : Urho Vaakanainen - PK : Adam Wilsby, Rasmus Sandin
Penalty Shots
Jaden Schwartz, Jake Neighbours, Alex Laferriere, Ryan Strome, Vladimir Tarasenko

Scratches
Aatu Raty (Healthy), Victor Mancini (Healthy), Fabian Lysell (Healthy), Sam Morton (Healthy), Jakob Pelletier (Healthy)

% Time on Ice - Montreal Canadiens

Lines # - Real PCT - Wanted PCT - Time Play
Normal Forward
1 - 29% - 30% - 15:00
2 - 26% - 30% - 13:26
3 - 27% - 30% - 14:23
4 - 18% - 10% - 9:43
Normal Defense
1 - 35% - 35% - 18:26
2 - 35% - 35% - 18:29
3 - 29% - 30% - 15:15
4 - 1% - 0% - 0:22
PP Forward
1 - 49% - 50% - 0:59
2 - 51% - 50% - 1:01
PP Defense
1 - 37% - 50% - 0:44
2 - 63% - 50% - 1:16
PK Forward
1 - 48% - 50% - 2:11
2 - 52% - 50% - 2:24
PK Defense
1 - 57% - 50% - 2:36
2 - 43% - 50% - 1:59
PK3 Forward
1 - 0% - 50%
2 - 0% - 50%
PK3 Defense
1 - 0% - 50%
2 - 0% - 50%
44 Forward
1 - 0% - 50%
2 - 0% - 50%
44 Defense
1 - 0% - 50%
2 - 0% - 50%
Last Minute Offensive  - 0:00
Last Minute Defensive  - 0:53
Total
Forward - 60:00
Defense - 60:00

% Time on Ice - Boston Bruins

Lines # - Real PCT - Wanted PCT - Time Play
Normal Forward
1 - 29% - 30% - 15:01
2 - 29% - 30% - 15:16
3 - 27% - 25% - 14:06
4 - 16% - 15% - 8:09
Normal Defense
1 - 30% - 30% - 15:40
2 - 30% - 30% - 15:51
3 - 28% - 25% - 14:43
4 - 12% - 15% - 6:18
PP Forward
1 - 51% - 50% - 2:20
2 - 49% - 50% - 2:15
PP Defense
1 - 52% - 50% - 2:24
2 - 48% - 50% - 2:11
PK Forward
1 - 60% - 50% - 1:12
2 - 40% - 50% - 0:48
PK Defense
1 - 48% - 50% - 0:57
2 - 53% - 50% - 1:03
PK3 Forward
1 - 0% - 50%
2 - 0% - 50%
PK3 Defense
1 - 0% - 50%
2 - 0% - 50%
44 Forward
1 - 0% - 50%
2 - 0% - 50%
44 Defense
1 - 0% - 50%
2 - 0% - 50%
Last Minute Offensive  - 0:53
Last Minute Defensive  - 0:00
Total
Forward - 60:00
Defense - 60:00

Play-by-Play

1st period


0:01 of 1st period - Jaden Schwartz wins face-off versus Dylan Larkin in neutral zone.
0:09 of 1st period - Snap shot by Samuel Girard.
0:09 of 1st period - Stopped by Stuart Skinner without a rebound.
0:10 of 1st period - Dylan Larkin wins face-off versus Jaden Schwartz in Montreal Canadiens zone.
0:39 of 1st period - Wrist shot by Dylan Larkin.
0:39 of 1st period - Stopped by Petr Mrazek with a rebound.
0:59 of 1st period - Snap shot by Dylan Larkin.
0:59 of 1st period - Deflect By Brad Marchand.
0:59 of 1st period - Shot Misses the Net.
0:59 of 1st period - Puck is out of play.
1:00 of 1st period - Ryan Strome wins face-off versus Ryan Poehling in Boston Bruins zone.
1:37 of 1st period - Wrist shot by Viktor Arvidsson.
1:37 of 1st period - Shot Hit the Post.
2:13 of 1st period - Snap shot by Martin Necas.
2:13 of 1st period - Stopped by Petr Mrazek with a rebound.
2:25 of 1st period - Wrist shot by Patrik Laine.
2:25 of 1st period - Deflect By Jackson Blake.
2:25 of 1st period - Goal by Jackson Blake - Montreal Canadiens : 1 - Boston Bruins : 0.
2:26 of 1st period - Macklin Celebrini wins face-off versus Ryan Strome in neutral zone.
2:33 of 1st period - Wrist shot by Macklin Celebrini.
2:33 of 1st period - Stopped by Petr Mrazek with a rebound.
2:35 of 1st period - Slapshot by Ilya Lyubushkin.
2:35 of 1st period - Shot Misses the Net.
2:37 of 1st period - Wrist shot by Ryan Poehling.
2:37 of 1st period - Shot Misses the Net.
2:39 of 1st period - Slapshot by Adam Fox.
2:39 of 1st period - Shot Blocked by Samuel Girard.
2:41 of 1st period - Slapshot by Ilya Lyubushkin.
2:41 of 1st period - Shot Misses the Net.
2:53 of 1st period - Teddy Blueger is hit by Samuel Girard.
3:24 of 1st period - Snap shot by Dylan Larkin.
3:24 of 1st period - Shot Misses the Net.
3:26 of 1st period - Snap shot by Brady Skjei.
3:26 of 1st period - Deflect By Dylan Larkin.
3:26 of 1st period - Stopped by Petr Mrazek with a rebound.
3:42 of 1st period - Wrist shot by Vladimir Tarasenko.
3:42 of 1st period - Shot Misses the Net.
3:48 of 1st period - Snap shot by Maxim Tsyplakov.
3:48 of 1st period - Stopped by Stuart Skinner without a rebound.
3:49 of 1st period - Jaden Schwartz wins face-off versus Macklin Celebrini in Montreal Canadiens zone.
3:50 of 1st period - Wrist shot by Jake Neighbours.
3:50 of 1st period - Shot Misses the Net.
4:37 of 1st period - Snap shot by Jaden Schwartz.
4:37 of 1st period - Stopped by Stuart Skinner with a rebound.
5:29 of 1st period - Slapshot by Dylan Larkin.
5:29 of 1st period - Stopped by Petr Mrazek with a rebound.
5:31 of 1st period - Slapshot by Adam Fox.
5:31 of 1st period - Stopped by Petr Mrazek with a rebound.
5:33 of 1st period - Wrist shot by Adam Fox.
5:33 of 1st period - Stopped by Petr Mrazek without a rebound.
5:34 of 1st period - Ryan Strome wins face-off versus Teddy Blueger in Boston Bruins zone.
5:54 of 1st period - Ryan Strome is hit by Juraj Slafkovsky.
6:23 of 1st period - Wrist shot by Juraj Slafkovsky.
6:23 of 1st period - Shot Misses the Net.
6:25 of 1st period - Snap shot by Drew O'Connor.
6:25 of 1st period - Stopped by Petr Mrazek with a rebound.
6:27 of 1st period - Slapshot by Jeff Petry.
6:27 of 1st period - Stopped by Petr Mrazek without a rebound.
6:28 of 1st period - Macklin Celebrini wins face-off versus Mark Kastelic in Boston Bruins zone.
6:29 of 1st period - Slapshot by Martin Necas.
6:29 of 1st period - Shot Misses the Net.
6:31 of 1st period - Wrist shot by Macklin Celebrini.
6:31 of 1st period - Shot Misses the Net.
6:33 of 1st period - Slapshot by Brady Skjei.
6:33 of 1st period - Deflect By Rasmus Sandin.
6:33 of 1st period - Stopped by Petr Mrazek with a rebound.
6:35 of 1st period - Wrist shot by Martin Necas.
6:35 of 1st period - Stopped by Petr Mrazek without a rebound.
6:36 of 1st period - Macklin Celebrini wins face-off versus Mark Kastelic in Boston Bruins zone.
7:10 of 1st period - Snap shot by Jackson Blake.
7:10 of 1st period - Shot Blocked by Rasmus Sandin.
7:19 of 1st period - Icing by Patrik Laine.
7:20 of 1st period - Jackson Blake wins face-off versus Mark Kastelic in Montreal Canadiens zone.
8:14 of 1st period - Snap shot by Jackson Blake.
8:14 of 1st period - Shot Misses the Net.
8:16 of 1st period - Snap shot by Evgeni Dadonov.
8:16 of 1st period - Stopped by Petr Mrazek without a rebound.
8:17 of 1st period - Jackson Blake wins face-off versus Ryan Strome in Boston Bruins zone.
8:20 of 1st period - Wrist shot by Jackson Blake.
8:20 of 1st period - Shot Misses the Net.
8:22 of 1st period - Slapshot by Ilya Lyubushkin.
8:22 of 1st period - Deflect By Patrik Laine.
8:22 of 1st period - Shot Misses the Net.
8:22 of 1st period - Puck is out of play.
8:23 of 1st period - Mark Kastelic wins face-off versus Macklin Celebrini in Boston Bruins zone.
8:31 of 1st period - Icing by John Marino.
8:32 of 1st period - Macklin Celebrini wins face-off versus Joel Farabee in Boston Bruins zone.
8:33 of 1st period - Wrist shot by Martin Necas.
8:33 of 1st period - Stopped by Petr Mrazek with a rebound.
9:17 of 1st period - Snap shot by Joel Farabee.
9:17 of 1st period - Stopped by Stuart Skinner without a rebound.
9:18 of 1st period - Ryan Strome wins face-off versus Teddy Blueger in Montreal Canadiens zone.
10:32 of 1st period - Ryan Poehling is hit by Mark Kastelic and loses puck.
10:43 of 1st period - Ryan Poehling is hit by Taylor Raddysh and loses puck.
11:10 of 1st period - Backhand shot by Dylan Larkin.
11:10 of 1st period - Shot Blocked by Rasmus Sandin.
12:17 of 1st period - Icing by Ilya Lyubushkin.
12:18 of 1st period - Jackson Blake wins face-off versus Mark Kastelic in Montreal Canadiens zone.
12:47 of 1st period - Snap shot by Drew O'Connor.
12:47 of 1st period - Stopped by Petr Mrazek with a rebound.
12:49 of 1st period - Snap shot by Drew O'Connor.
12:49 of 1st period - Shot Misses the Net.
13:36 of 1st period - Slapshot by Dylan Larkin.
13:36 of 1st period - Shot Misses the Net.
13:45 of 1st period - Off-side.
13:46 of 1st period - Drew O'Connor wins face-off versus Jaden Schwartz in neutral zone.
13:53 of 1st period - John Marino is hit by Juraj Slafkovsky and loses puck.
14:14 of 1st period - Snap shot by Jake Evans.
14:14 of 1st period - Stopped by Petr Mrazek without a rebound.
14:15 of 1st period - Dylan Larkin wins face-off versus Ryan Strome in Boston Bruins zone.
14:28 of 1st period - Slapshot by Jake Evans.
14:28 of 1st period - Stopped by Petr Mrazek with a rebound.
14:30 of 1st period - Slapshot by Jake Evans.
14:30 of 1st period - Shot Misses the Net.
14:32 of 1st period - Slapshot by Brad Marchand.
14:32 of 1st period - Stopped by Petr Mrazek with a rebound.
14:34 of 1st period - Slapshot by Lane Hutson.
14:34 of 1st period - Shot Misses the Net.
14:36 of 1st period - Wrist shot by Brad Marchand.
14:36 of 1st period - Stopped by Petr Mrazek without a rebound.
14:37 of 1st period - Macklin Celebrini wins face-off versus Jaden Schwartz in Boston Bruins zone.
14:52 of 1st period - Wrist shot by Macklin Celebrini.
14:52 of 1st period - Shot Misses the Net.
15:11 of 1st period - Slapshot by Drew O'Connor.
15:11 of 1st period - Shot Misses the Net.
15:13 of 1st period - Slapshot by Drew O'Connor.
15:13 of 1st period - Stopped by Petr Mrazek without a rebound.
15:14 of 1st period - Ryan Strome wins face-off versus Teddy Blueger in Boston Bruins zone.
15:24 of 1st period - Snap shot by Maxim Tsyplakov.
15:24 of 1st period - Stopped by Stuart Skinner with a rebound.
15:46 of 1st period - Slapshot by Joel Farabee.
15:46 of 1st period - Stopped by Stuart Skinner with a rebound.
15:48 of 1st period - Slapshot by John Marino.
15:48 of 1st period - Stopped by Stuart Skinner without a rebound.
15:49 of 1st period - Jaden Schwartz wins face-off versus Ryan Poehling in Montreal Canadiens zone.
15:52 of 1st period - Snap shot by Jake Neighbours.
15:52 of 1st period - Shot Misses the Net.
16:02 of 1st period - Slapshot by Macklin Celebrini.
16:02 of 1st period - Shot Blocked by Ty Emberson.
16:04 of 1st period - Wrist shot by Ryan Poehling.
16:04 of 1st period - Shot Misses the Net.
17:01 of 1st period - Snap shot by Jaden Schwartz.
17:01 of 1st period - Stopped by Stuart Skinner without a rebound.
17:02 of 1st period - Macklin Celebrini wins face-off versus Jaden Schwartz in Montreal Canadiens zone.
17:54 of 1st period - Damon Severson is hit by Viktor Arvidsson and loses puck.
18:33 of 1st period - Snap shot by Ryan Strome.
18:33 of 1st period - Shot Misses the Net.
19:21 of 1st period - Snap shot by Joel Farabee.
19:21 of 1st period - Shot Misses the Net.
19:41 of 1st period - Brady Skjei is hit by Jaden Schwartz and loses puck.
Goals for this period are 1 for Montreal Canadiens vs 0 for Boston Bruins.
Shots for this period are 20 for Montreal Canadiens vs 8 for Boston Bruins.

2nd period


0:01 of 2nd period - Macklin Celebrini wins face-off versus Jake Neighbours in neutral zone.
0:10 of 2nd period - Slapshot by Macklin Celebrini.
0:10 of 2nd period - Goal by Macklin Celebrini - Montreal Canadiens : 2 - Boston Bruins : 0.
0:11 of 2nd period - Jaden Schwartz wins face-off versus Jake Evans in neutral zone.
0:21 of 2nd period - Icing by Damon Severson.
0:22 of 2nd period - Dylan Larkin wins face-off versus Jaden Schwartz in Montreal Canadiens zone.
0:48 of 2nd period - Snap shot by Dylan Larkin.
0:48 of 2nd period - Deflect By Maxim Tsyplakov.
0:48 of 2nd period - Shot Blocked by Ryan Strome.
0:48 of 2nd period - Puck is out of play.
0:49 of 2nd period - Teddy Blueger wins face-off versus Ryan Strome in Boston Bruins zone.
1:40 of 2nd period - Off-side.
1:41 of 2nd period - Mark Kastelic wins face-off versus Teddy Blueger in neutral zone.
2:06 of 2nd period - Alex Laferriere is hit by Brady Skjei and loses puck.
2:15 of 2nd period - Snap shot by Martin Necas.
2:15 of 2nd period - Shot Blocked by Jake Neighbours.
2:47 of 2nd period - Snap shot by Alex Laferriere.
2:47 of 2nd period - Stopped by Stuart Skinner with a rebound.
3:31 of 2nd period - Alex Laferriere is hit by Patrik Laine and loses puck.
4:25 of 2nd period - Snap shot by Patrik Laine.
4:25 of 2nd period - Shot Blocked by Samuel Girard.
4:39 of 2nd period - Ty Emberson is hit by Patrik Laine and loses puck.
4:58 of 2nd period - Wrist shot by Patrik Laine.
4:58 of 2nd period - Shot Misses the Net.
5:00 of 2nd period - Slapshot by Damon Severson.
5:00 of 2nd period - Stopped by Petr Mrazek with a rebound.
5:52 of 2nd period - Snap shot by Jackson Blake.
5:52 of 2nd period - Shot Misses the Net.
5:54 of 2nd period - Snap shot by Jackson Blake.
5:54 of 2nd period - Stopped by Petr Mrazek without a rebound.
5:55 of 2nd period - Ryan Strome wins face-off versus Teddy Blueger in Boston Bruins zone.
6:24 of 2nd period - Wrist shot by Dylan Larkin.
6:24 of 2nd period - Stopped by Petr Mrazek without a rebound.
6:25 of 2nd period - Dylan Larkin wins face-off versus Mark Kastelic in Boston Bruins zone.
8:03 of 2nd period - Lane Hutson is hit by Sam Colangelo and loses puck.
8:28 of 2nd period - Vladimir Tarasenko is hit by Drew O'Connor.
9:40 of 2nd period - Drew O'Connor is hit by Beck Malenstyn and loses puck.
10:27 of 2nd period - Brady Skjei is hit by Beck Malenstyn and loses puck.
11:37 of 2nd period - Mark Kastelic is hit by Brad Marchand and loses puck.
11:59 of 2nd period - Icing by Ty Emberson.
12:00 of 2nd period - Brady Skjei wins face-off versus Taylor Raddysh in Boston Bruins zone.
12:33 of 2nd period - Martin Necas is hit by Jaden Schwartz and loses puck.
13:26 of 2nd period - Jeff Petry is hit by Ryan Strome and loses puck.
15:40 of 2nd period - Slapshot by Juraj Slafkovsky.
15:40 of 2nd period - Stopped by Petr Mrazek without a rebound.
15:41 of 2nd period - Teddy Blueger wins face-off versus Jaden Schwartz in Boston Bruins zone.
15:55 of 2nd period - Icing by Drew O'Connor.
15:56 of 2nd period - Teddy Blueger wins face-off versus Mark Kastelic in Montreal Canadiens zone.
16:22 of 2nd period - Minor Penalty to Brad Marchand for Tripping.
16:23 of 2nd period - Jake Evans wins face-off versus Jaden Schwartz in Montreal Canadiens zone.
16:27 of 2nd period - Off-side.
16:28 of 2nd period - Ryan Poehling wins face-off versus Jake Neighbours in neutral zone.
16:57 of 2nd period - Snap shot by Alex Laferriere.
16:57 of 2nd period - Shot Misses the Net.
16:59 of 2nd period - Wrist shot by Jaden Schwartz.
16:59 of 2nd period - Goal by Jaden Schwartz - Montreal Canadiens : 2 - Boston Bruins : 1.
17:00 of 2nd period - Teddy Blueger wins face-off versus Jaden Schwartz in neutral zone.
17:09 of 2nd period - Snap shot by Drew O'Connor.
17:09 of 2nd period - Stopped by Petr Mrazek with a rebound.
17:15 of 2nd period - Snap shot by Juraj Slafkovsky.
17:15 of 2nd period - Shot Misses the Net.
17:50 of 2nd period - Slapshot by Ryan Strome.
17:50 of 2nd period - Stopped by Stuart Skinner with a rebound.
17:52 of 2nd period - Slapshot by John Marino.
17:52 of 2nd period - Stopped by Stuart Skinner with a rebound.
17:54 of 2nd period - Wrist shot by Vladimir Tarasenko.
17:54 of 2nd period - Stopped by Stuart Skinner with a rebound.
17:58 of 2nd period - Slapshot by Ryan Strome.
17:58 of 2nd period - Stopped by Stuart Skinner with a rebound.
18:15 of 2nd period - Slapshot by Mark Kastelic.
18:15 of 2nd period - Stopped by Stuart Skinner with a rebound.
18:17 of 2nd period - Snap shot by Viktor Arvidsson.
18:17 of 2nd period - Stopped by Stuart Skinner with a rebound.
18:27 of 2nd period - Ilya Lyubushkin is hit by Maxim Tsyplakov and loses puck.
18:34 of 2nd period - Wrist shot by Teddy Blueger.
18:34 of 2nd period - Deflect By Jake Neighbours.
18:34 of 2nd period - Stopped by Petr Mrazek without a rebound.
18:35 of 2nd period - Macklin Celebrini wins face-off versus Jaden Schwartz in Boston Bruins zone.
18:46 of 2nd period - Slapshot by Alex Laferriere.
18:46 of 2nd period - Stopped by Stuart Skinner with a rebound.
19:00 of 2nd period - Adam Wilsby is hit by Jackson Blake and loses puck.
19:20 of 2nd period - Icing by Jackson Blake.
19:21 of 2nd period - Mark Kastelic wins face-off versus Jackson Blake in Montreal Canadiens zone.
Goals for this period are 1 for Montreal Canadiens vs 1 for Boston Bruins.
Shots for this period are 7 for Montreal Canadiens vs 9 for Boston Bruins.

3rd period


0:01 of 3rd period - Jaden Schwartz wins face-off versus Teddy Blueger in neutral zone.
0:06 of 3rd period - Snap shot by Jaden Schwartz.
0:06 of 3rd period - Shot Blocked by Juraj Slafkovsky.
0:32 of 3rd period - Slapshot by Ryan Strome.
0:32 of 3rd period - Stopped by Stuart Skinner without a rebound.
0:33 of 3rd period - Dylan Larkin wins face-off versus Ryan Strome in Montreal Canadiens zone.
1:06 of 3rd period - Wrist shot by Jake Evans.
1:06 of 3rd period - Stopped by Petr Mrazek without a rebound.
1:07 of 3rd period - Macklin Celebrini wins face-off versus Jaden Schwartz in Boston Bruins zone.
1:18 of 3rd period - Slapshot by Ty Emberson.
1:18 of 3rd period - Deflect By Jaden Schwartz.
1:18 of 3rd period - Shot Blocked by Jeff Petry.
1:18 of 3rd period - Puck is out of play.
1:19 of 3rd period - Teddy Blueger wins face-off versus Jaden Schwartz in Montreal Canadiens zone.
1:35 of 3rd period - Minor Penalty to Drew O'Connor for High sticking.
1:36 of 3rd period - Teddy Blueger wins face-off versus Ryan Strome in Montreal Canadiens zone.
1:44 of 3rd period - Wrist shot by Ryan Strome.
1:44 of 3rd period - Stopped by Stuart Skinner with a rebound.
1:50 of 3rd period - Snap shot by Ryan Strome.
1:50 of 3rd period - Shot Blocked by Lane Hutson.
1:52 of 3rd period - Slapshot by Samuel Girard.
1:52 of 3rd period - Shot Misses the Net.
2:27 of 3rd period - Ryan Strome is hit by Martin Necas.
3:35 of 3rd period - Penalty to Drew O'Connor is over, Drew O'Connor is back on ice.
3:49 of 3rd period - Slapshot by Viktor Arvidsson.
3:49 of 3rd period - Stopped by Stuart Skinner with a rebound.
5:00 of 3rd period - Beck Malenstyn is hit by Martin Necas and loses puck.
5:18 of 3rd period - Brad Marchand is hit by Beck Malenstyn and loses puck.
5:30 of 3rd period - Taylor Raddysh is hit by Brady Skjei.
6:06 of 3rd period - Wrist shot by Dylan Larkin.
6:06 of 3rd period - Stopped by Petr Mrazek with a rebound.
6:10 of 3rd period - Wrist shot by Jake Evans.
6:10 of 3rd period - Stopped by Petr Mrazek without a rebound.
6:11 of 3rd period - Macklin Celebrini wins face-off versus Alex Laferriere in Boston Bruins zone.
6:23 of 3rd period - Minor Penalty to Jaden Schwartz for Slashing.
6:24 of 3rd period - Dylan Larkin wins face-off versus Viktor Arvidsson in Boston Bruins zone.
8:23 of 3rd period - Penalty to Jaden Schwartz is over, Jaden Schwartz is back on ice.
8:39 of 3rd period - Slapshot by Maxim Tsyplakov.
8:39 of 3rd period - Stopped by Stuart Skinner without a rebound.
8:40 of 3rd period - Teddy Blueger wins face-off versus Sam Colangelo in Montreal Canadiens zone.
8:40 of 3rd period - Teddy Blueger is hit by Vladimir Tarasenko.
8:46 of 3rd period - Slapshot by Juraj Slafkovsky.
8:46 of 3rd period - Stopped by Petr Mrazek with a rebound.
9:02 of 3rd period - Mark Kastelic is hit by Evgeni Dadonov and loses puck.
9:25 of 3rd period - Wrist shot by Macklin Celebrini.
9:25 of 3rd period - Stopped by Petr Mrazek without a rebound.
9:26 of 3rd period - Dylan Larkin wins face-off versus Jaden Schwartz in Boston Bruins zone.
9:51 of 3rd period - Vladimir Tarasenko is hit by Ryan Poehling and loses puck.
10:00 of 3rd period - Slapshot by John Marino.
10:00 of 3rd period - Shot Blocked by Jeff Petry.
10:14 of 3rd period - Slapshot by Viktor Arvidsson.
10:14 of 3rd period - Deflect By Joel Farabee.
10:14 of 3rd period - Stopped by Stuart Skinner with a rebound.
10:28 of 3rd period - Minor Penalty to Drew O'Connor for Tripping.
10:29 of 3rd period - Ryan Poehling wins face-off versus Ryan Strome in Montreal Canadiens zone.
11:11 of 3rd period - Snap shot by Ty Emberson.
11:11 of 3rd period - Shot Blocked by Lane Hutson.
11:13 of 3rd period - Slapshot by Samuel Girard.
11:13 of 3rd period - Shot Misses the Net.
11:28 of 3rd period - Off-side.
11:29 of 3rd period - Ryan Poehling wins face-off versus Jaden Schwartz in neutral zone.
12:28 of 3rd period - Penalty to Drew O'Connor is over, Drew O'Connor is back on ice.
12:48 of 3rd period - Joel Farabee is hit by Adam Fox and loses puck.
13:13 of 3rd period - Wrist shot by Beck Malenstyn.
13:13 of 3rd period - Shot Misses the Net.
13:19 of 3rd period - Snap shot by Martin Necas.
13:19 of 3rd period - Shot Misses the Net.
13:25 of 3rd period - Martin Necas is hit by Viktor Arvidsson and loses puck.
13:36 of 3rd period - John Marino is hit by Juraj Slafkovsky.
13:46 of 3rd period - Jake Neighbours is hit by Evgeni Dadonov and loses puck.
13:56 of 3rd period - Minor Penalty to Jake Neighbours for Holding.
13:57 of 3rd period - Macklin Celebrini wins face-off versus Alex Laferriere in Boston Bruins zone.
13:57 of 3rd period - Slapshot by Martin Necas.
13:57 of 3rd period - Goal by Martin Necas - Montreal Canadiens : 3 - Boston Bruins : 1.
13:58 of 3rd period - Jaden Schwartz wins face-off versus Teddy Blueger in neutral zone.
14:08 of 3rd period - Snap shot by Juraj Slafkovsky.
14:08 of 3rd period - Stopped by Petr Mrazek with a rebound.
14:14 of 3rd period - Lane Hutson is hit by Jake Neighbours and loses puck.
15:09 of 3rd period - Wrist shot by Patrik Laine.
15:09 of 3rd period - Stopped by Petr Mrazek with a rebound.
15:55 of 3rd period - Slapshot by Brad Marchand.
15:55 of 3rd period - Shot Blocked by Urho Vaakanainen.
15:57 of 3rd period - Slapshot by Adam Fox.
15:57 of 3rd period - Shot Misses the Net.
16:01 of 3rd period - Wrist shot by Jake Evans.
16:01 of 3rd period - Stopped by Petr Mrazek with a rebound.
16:03 of 3rd period - Snap shot by Brad Marchand.
16:03 of 3rd period - Deflect By Dylan Larkin.
16:03 of 3rd period - Shot Blocked by Mark Kastelic.
16:03 of 3rd period - Puck is out of play.
16:04 of 3rd period - Teddy Blueger wins face-off versus Jaden Schwartz in Boston Bruins zone.
16:05 of 3rd period - Wrist shot by Juraj Slafkovsky.
16:05 of 3rd period - Stopped by Petr Mrazek without a rebound.
16:06 of 3rd period - Teddy Blueger wins face-off versus Jaden Schwartz in Boston Bruins zone.
16:13 of 3rd period - Wrist shot by Juraj Slafkovsky.
16:13 of 3rd period - Stopped by Petr Mrazek without a rebound.
16:14 of 3rd period - Teddy Blueger wins face-off versus Jaden Schwartz in Boston Bruins zone.
16:29 of 3rd period - Snap shot by Drew O'Connor.
16:29 of 3rd period - Shot Blocked by Ty Emberson.
17:09 of 3rd period - Slapshot by Jake Neighbours.
17:09 of 3rd period - Shot Misses the Net.
17:11 of 3rd period - Slapshot by Ty Emberson.
17:11 of 3rd period - Shot Blocked by Damon Severson.
17:13 of 3rd period - Snap shot by Jake Neighbours.
17:13 of 3rd period - Shot Misses the Net.
17:15 of 3rd period - Slapshot by Ty Emberson.
17:15 of 3rd period - Shot Misses the Net.
17:17 of 3rd period - Snap shot by Alex Laferriere.
17:17 of 3rd period - Shot Misses the Net.
17:19 of 3rd period - Snap shot by Alex Laferriere.
17:19 of 3rd period - Shot Misses the Net.
17:21 of 3rd period - Snap shot by Jaden Schwartz.
17:21 of 3rd period - Shot Misses the Net.
17:23 of 3rd period - Wrist shot by Jaden Schwartz.
17:23 of 3rd period - Shot Misses the Net.
17:25 of 3rd period - Wrist shot by Samuel Girard.
17:25 of 3rd period - Shot Hit the Post.
17:27 of 3rd period - Slapshot by Samuel Girard.
17:27 of 3rd period - Shot Blocked by Jeff Petry.
17:29 of 3rd period - Wrist shot by Alex Laferriere.
17:29 of 3rd period - Goal by Alex Laferriere - Montreal Canadiens : 3 - Boston Bruins : 2.
17:30 of 3rd period - Mark Kastelic wins face-off versus Jake Evans in neutral zone.
18:30 of 3rd period - Dylan Larkin is hit by Viktor Arvidsson and loses puck.
18:51 of 3rd period - Boston Bruins, Petr Mrazek is pulled from the net.
19:36 of 3rd period - Snap shot by Ryan Poehling.
19:36 of 3rd period - Shot Misses the Net.
19:38 of 3rd period - Snap shot by Jake Evans.
19:38 of 3rd period - Goal by Jake Evans - Montreal Canadiens : 4 - Boston Bruins : 2.
19:38 of 3rd period - Petr Mrazek from Boston Bruins was sent back in the game.
19:39 of 3rd period - Dylan Larkin wins face-off versus Sam Colangelo in neutral zone.
Goals for this period are 2 for Montreal Canadiens vs 1 for Boston Bruins.
Shots for this period are 12 for Montreal Canadiens vs 6 for Boston Bruins.